 Dungeon Crawl Stone Soup version 0.30.0-18-gc0e69614cb (webtiles) character file.

Game seed: 6299129123610410885

14590 safid the Frost Mage (level 12, -9/100 HPs)
             Began as a Merfolk Ice Elementalist on May 24, 2023.
             Was a Believer of Vehumet.
             Mangled by an ice beast (12 damage)
             ... summoned by Fannar
             ... on level 1 of the Lair of Beasts.
             The game lasted 00:24:45 (12903 turns).

safid the Frost Mage (Merfolk Ice Elementalist)    Turns: 12903, Time: 00:24:46

Health: -9/100     AC: 15    Str:  8    XL:     12   Next: 18%
Magic:  23/24      EV: 10    Int: 17    God:    Vehumet [**....]
Gold:   784        SH:  9    Dex: 14    Spells: 20/27 levels left

rFire   + + .        r - +11 Singing Sword {sonic wave}
rCold   . . .        J - +0 kite shield
rNeg    . . .        n - +2 robe {Archmagi}
rPois   .            (no helmet)
rElec   +            (no cloak)
rCorr   .            (no gloves)
SInv    .            C - +0 pair of boots "Cesag" {rElec rF+ Int-3}
Will    .....        (no amulet)
Stlth   ++           v - ring of protection from fire
HPRegen 0.36/turn    I - ring of wizardry
MPRegen 0.19/turn

%: wizardry (x1), archmagi
@: mighty, ice-armoured, studying Ranged Weapons
A: (nimble swimmer 2), mertail
a: Renounce Religion


You were on level 1 of the Lair of Beasts.
You worshipped Vehumet.
Vehumet was pleased with you.
You visited 3 branches of the dungeon, and saw 12 of its levels.
You also visited: Bailey.

You collected 784 gold pieces.

Inventory:

Hand Weapons
 r - the +11 Singing Sword (weapon) {sonic wave}
   (You took it off an orc on level 3 of the Dungeon)
Missiles
 f - 4 throwing nets
Armour
 n - a +2 robe of the Archmagi (worn)
 u - a +2 robe of willpower
 C - the +0 pair of boots "Cesag" (worn) {rElec rF+ Int-3}
   (You acquired it in a bailey)

   Int:       It affects your intelligence (-3).
   rF:        It protects you from fire.
   rElec:     It insulates you from electricity.
 E - a +0 pair of boots of flying
 J - a +0 kite shield (worn)
Jewellery
 v - a ring of protection from fire (left hand)
 I - a ring of wizardry (right hand)
Wands
 o - a wand of flame (25)
 y - a wand of roots (12)
 F - a wand of digging (7)
 G - a wand of polymorph (9)
Scrolls
 c - 4 scrolls of fog
 d - a scroll of enchant armour
 g - a scroll of fear
 m - 3 scrolls of enchant weapon
 s - 3 scrolls of brand weapon
 x - a scroll of amnesia {unknown}
 z - 3 scrolls of blinking
 A - a scroll of vulnerability {unknown}
 D - 4 scrolls of teleportation
 K - 2 scrolls of poison {unknown}
 L - 2 scrolls of identify
Potions
 a - 2 potions of lignification {unknown}
 b - 2 potions of magic
 e - a potion of curing
 h - 4 potions of might
 i - a potion of invisibility
 j - 2 potions of berserk rage {unknown}
 k - a potion of mutation {unknown}
 l - 2 potions of resistance {unknown}
 p - 2 potions of heal wounds {unknown}
 q - 3 potions of brilliance {unknown}
 t - 2 potions of attraction {unknown}
 w - a potion of cancellation {unknown}
 B - a potion of flight {unknown}
 H - 2 potions of haste


   Skills:
 + Level 11.0 Fighting
 + Level 11.2 Long Blades
 - Level 4.0 Dodging
 - Level 2.1 Stealth
 + Level 3.3 Shields
 - Level 8.0 Spellcasting
 + Level 11.9 Ice Magic


You had 20 spell levels left.
You knew the following spells:

 Your Spells              Type           Power      Damage    Failure   Level
a - Freeze                Ice            100%       1d10      1%          1
b - Frozen Ramparts       Ice            100%       1d16      1%          3
c - Ozocubu's Armour      Ice            63%        N/A       1%          3

Your spell library contained the following spells:

 Spells                   Type           Power      Damage    Failure   Level
 Shock                    Conj/Air       40%        1d5       24%         1
 Summon Ice Beast         Ice/Summ       40%        N/A       21%         4
 Kiss of Death            Conj/Necr      40%        2d8       24%         1
 Magic Dart               Conj           40%        1d5       24%         1
 Summon Small Mammal      Summ           40%        N/A       24%         1
 Call Imp                 Summ           20%        N/A       32%         2
 Call Canine Familiar     Summ           10%        N/A       54%         3
 Confusing Touch          Hex            10%        N/A       54%         3
 Mephitic Cloud           Conj/Pois/Air  10%        N/A       54%         3
 Summon Guardian Golem    Hex/Summ       10%        N/A       54%         3
 Dispel Undead            Necr           10%        3d9       90%         4


Dungeon Overview and Level Annotations

Branches:
Dungeon (10/15)            Temple (1/1) D:7            Lair (1/5) D:9
 Bailey (visited)
    Orc: D:9-12

Altars:
Ashenzari
Cheibriados
Dithmenos
Elyvilon
Fedhas
Gozag
Hepliaklqana
Kikubaaqudgha
Makhleb
Nemelex Xobeh
Okawaru
Qazlal
Ru
Sif Muna
Trog
Uskayaw
Vehumet
Wu Jian
Xom
Yredelemnul
Zin
The Shining One

Annotations:
D:1 1 runed translucent door
D:5 1 runed translucent door, Crazy Yiuf
D:8 1 runed translucent door, sirJeffrey23's ghost, novice KoBr
D:10 Urug
Lair:1 Fannar


Innate Abilities, Weirdness & Mutations

((You are very nimble when in or above water. (Stealth+, EV+, Speed+++)))
Your lower body shifts to a powerful aquatic tail in water.


Message History

The ice beast completely resists.
The wall freezes the ice beast but does no damage.
The ice beast hits you. The ice beast freezes you!
Fannar resists.
The wall freezes Fannar.
Fannar hits you but does no damage.
Unknown command.
You barely miss Fannar.
Fannar is severely wounded.
The frozen ramparts melt away.
The ice beast closely misses you.
Unknown command.
You barely miss the ice beast. You block the ice beast's attack.
Fannar murmurs some mystic words to themself.
Fannar gestures at you while chanting.
The bolt of cold misses the ice beast.
The bolt of cold hits you!!
* * * LOW HITPOINT WARNING * * *
The ice beast hits you.
* * * LOW HITPOINT WARNING * * *
The ice beast freezes you!
* * * LOW HITPOINT WARNING * * *
Unknown command.
You feel better. The ice beast completely misses you.
You block the ice beast's attack.
Unknown command.
You slash Fannar!
Fannar is almost dead.
Fannar hits you with a +0 quarterstaff of freezing.
* * * LOW HITPOINT WARNING * * *
Fannar freezes you.
* * * LOW HITPOINT WARNING * * *
You block the ice beast's attack.
The ice beast hits you but does no damage.
You miss Fannar.
Fannar is almost dead.
You block Fannar's attack. The ice beast hits you.
* * * LOW HITPOINT WARNING * * *
The ice beast freezes you.
* * * LOW HITPOINT WARNING * * *
The ice beast hits you.
* * * LOW HITPOINT WARNING * * *
The ice beast freezes you!
You die...

###. ...#
...###
.....##
......#
.......
##.......
##Y.......
#@Y.†.....
#.e#......
#..#......
..## .....
...# .....
...# ....
...## #...
...


You could see Fannar and 2 ice beasts.

Vanquished Creatures
  Harold (D:9)
  A two-headed ogre (D:6)
  2 orc high priests (Bailey)
  2 orc knights (Bailey)
  Pikel (D:4)
  3 elephants (Lair:1)
  Joseph (D:7)
  Maggie (D:8)
  Psyche (D:8)
  A troll (D:9)
  A hornet (D:9)
  Prince Ribbit (D:6)
  2 wyverns
  11 yaks
  A basilisk (Lair:1)
  Grum (D:8)
  2 vampire mosquitoes (D:10)
  2 steam dragons (D:8)
  Edmund (D:6)
  3 sky beasts (D:8)
  13 orc warriors
  6 black bears
  An ice beast (D:6)
  3 ogres
  2 centaurs (D:7)
  4 wolves (D:8)
  2 phantoms (D:5)
  3 kobold brigands
  3 bullfrogs
  2 gnoll sergeants
  5 scorpions
  5 wights (D:8)
  10 killer bees
  7 electric eels
  2 howler monkeys
  A lava snake (D:8)
  5 hounds
  2 orc priests
  A jelly (D:6)
  2 iguanas
  2 sleepcaps
  Jessica (D:2)
  Ijyb (D:5)
  4 orc wizards
  31 gnolls
  7 adders
  A shadow imp (D:6)
  2 ufetubi
  48 orcs
  6 bats
  11 endoplasms
  2 giant cockroaches
  16 goblins
  9 hobgoblins
  19 jackals
  14 kobolds
  3 quokkas
  5 ball pythons
  3 rats
303 creatures vanquished.

Notes
Turn   | Place    | Note
-------+----------+-------------------------------------------
     0 | D:1      | safid the Merfolk Ice Elementalist began the quest for the
                  | Orb.
     0 | D:1      | Reached XP level 1. HP: 13/13 MP: 3/3
     1 | D:1      | Found a runed translucent door.
   292 | D:1      | Reached XP level 2. HP: 20/20 MP: 0/5
   454 | D:1      | Reached skill level 1 in Fighting
   873 | D:2      | Reached XP level 3. HP: 24/26 MP: 4/6
   877 | D:2      | Learned a level 3 spell: Frozen Ramparts
  1205 | D:2      | Noticed Jessica
  1211 | D:2      | Killed Jessica
  1212 | D:2      | Reached skill level 5 in Ice Magic
  1212 | D:2      | Reached XP level 4. HP: 25/33 MP: 3/8
  1680 | D:2      | Learned a level 3 spell: Ozocubu's Armour
  2003 | D:3      | Noticed an ogre
  2012 | D:3      | Killed an ogre
  2013 | D:3      | Reached XP level 5. HP: 30/41 MP: 2/10
  2113 | D:3      | Found a faded altar of an unknown god.
  2838 | D:4      | Reached XP level 6. HP: 43/47 MP: 11/11
  2921 | D:4      | Reached skill level 1 in Long Blades
  3149 | D:4      | Noticed a black bear
  3157 | D:4      | Killed a black bear
  3158 | D:4      | Reached XP level 7. HP: 50/54 MP: 9/12
  3396 | D:4      | Noticed Pikel
  3405 | D:4      | Killed Pikel
  3406 | D:4      | Reached skill level 5 in Fighting
  3406 | D:4      | Reached XP level 8. HP: 30/62 MP: 7/15
  3929 | D:4      | Reached skill level 5 in Spellcasting
  3974 | D:4      | Found an opulent altar of Gozag.
  4786 | D:5      | Entered Level 5 of the Dungeon
  4832 | D:5      | Found the +7 great mace "Undeadhunter" {deathbane, rN+}
  4891 | D:5      | Reached skill level 5 in Long Blades
  4990 | D:5      | Noticed Ijyb
  4992 | D:5      | Killed Ijyb
  5092 | D:5      | Reached XP level 9. HP: 69/69 MP: 10/17
  5646 | D:5      | Found a runed translucent door.
  5647 | D:5      | Noticed Crazy Yiuf
  6211 | D:6      | Noticed a two-headed ogre
  6223 | D:6      | Killed a two-headed ogre
  6546 | D:6      | Reached XP level 10. HP: 65/79 MP: 13/19
  6834 | D:6      | Noticed Prince Ribbit
  6836 | D:6      | Noticed Edmund
  6846 | D:6      | Killed Prince Ribbit
  6849 | D:6      | Killed Edmund
  7282 | D:7      | Found a flagged portal.
  7292 | Bailey   | Entered a bailey
  7407 | Bailey   | Noticed an orc high priest
  7408 | Bailey   | Noticed a sun demon
  7605 | Bailey   | Noticed an orc knight
  7720 | Bailey   | Killed an orc knight
  7906 | Bailey   | Noticed an orc knight
  7919 | Bailey   | Killed an orc knight
  8012 | Bailey   | Reached skill level 10 in Ice Magic
  8134 | Bailey   | Found an iron altar of Okawaru.
  8153 | Bailey   | Killed an orc high priest
  8154 | Bailey   | Reached XP level 11. HP: 52/89 MP: 16/22
  8165 | Bailey   | Noticed an orc high priest
  8175 | Bailey   | Killed an orc high priest
  8382 | Bailey   | Acquired the +0 pair of boots "Cesag" {rElec rF+ Int-3}
  8630 | D:7      | Noticed Joseph
  8632 | D:7      | Found a staircase to the Ecumenical Temple.
  8642 | Temple   | Entered the Ecumenical Temple
  8954 | Temple   | Became a worshipper of Vehumet
  9029 | D:7      | Killed Joseph
 10017 | D:8      | Noticed Psyche
 10132 | D:8      | Noticed Grum
 10146 | D:8      | HP: 4/87 [Grum/+1 spear of freezing (4)]
 10151 | D:8      | Killed Grum
 10151 | D:8      | Killed Psyche
 10667 | D:8      | Reached skill level 10 in Long Blades
 10729 | D:8      | Reached * piety under Vehumet
 10729 | D:8      | Offered knowledge of Sandblast by Vehumet.
 10832 | D:8      | Found a runed translucent door.
 10834 | D:8      | Noticed sirJeffrey23's ghost (novice KoBr)
 10890 | D:8      | Reached skill level 10 in Fighting
 10988 | D:8      | Noticed Maggie
 11006 | D:8      | Killed Maggie
 11216 | D:8      | Found a glowing silver altar of Zin.
 11792 | D:9      | Noticed Harold
 11970 | D:9      | Found a staircase to the Lair.
 12044 | D:9      | Reached ** piety under Vehumet
 12045 | D:9      | Reached skill level 1 in Shields
 12045 | D:9      | Offered knowledge of Shock by Vehumet.
 12456 | D:9      | Killed Harold
 12605 | D:10     | Entered Level 10 of the Dungeon
 12712 | D:10     | Reached XP level 12. HP: 63/99 MP: 24/24
 12795 | D:10     | Noticed Urug
 12879 | Lair:1   | Entered Level 1 of the Lair of Beasts
 12887 | Lair:1   | Noticed Fannar
 12900 | Lair:1   | HP: 5/100 [ice beast[Fannar] (9)]
 12903 | Lair:1   | Mangled by an ice beast

Illustrated notes

Levels and vault maps discovered:
D:1:      dpeg_arrival_caged_fury, layout_loops_ring, dk_noncrumbling_4
D:2:      layout_loops_ring, uniq_jessica
D:3:      layout_loops_corners, chequers_ecumenical_altar_grove
D:4:      lemuel_castle_with_subvaults [lemuel_castle_interior_carwin_1],
          layout_gridville, marbit_many_paths, serial_co_window_serial,
          co_window_paths_b, co_window_paths_a, co_window_paths_b,
          co_window_corner_a, co_window_of_opportunity_a,
          co_window_unsneaky_path_e, co_window_of_opportunity_b,
          co_window_corner_b, co_window_broadway_b, co_window_cross_3,
          glass_columns_b, glass_columns_c, glass_columns_b, glass_columns_a,
          uniq_pikel
D:5:      layout_gridville, uniq_crazy_yiuf_cottage, uniq_ijyb
D:6:      wander_river, layout_cave_pools, minmay_between, uniq_prince_ribbit1,
          uniq_edmund
D:7:      layout_basic, minmay_temple_entry_waves, enter_bailey_5, uniq_joseph
D:8:      layout_basic, mainiacjoe_overflow_alcove_2, ebering_ghost_inner_flame,
          nicolae_lava_and_water, hangedman_misty_isle, uniq_grum, uniq_psyche,
          uniq_maggie
D:9:      layout_cave_pods, david_lair_generic, serial_park,
          serial_park_avenue1, serial_park_avenue1, serial_park_tiny_2,
          serial_park_tiny_2, serial_park_square1 [serial_park_minivault_5x5_3],
          uniq_harold
D:10:     layout_big_octagon, serial_bayou, serial_bayou_lagoon_a,
          serial_bayou_ford_a, serial_bayou_lake_a, serial_bayou_crossing,
          serial_bayou_pond_d, serial_bayou_pond_a, kennysheep_donut, uniq_urug
Temple:   mainiacjoe_temple_cubbyholes
Lair:1:   layout_cave_pods, nicolae_volcano_entry_two_sided, minivault_25,
          uniq_fannar

Skill      XL: |  1  2  3  4  5  6  7  8  9 10 11 12 |
---------------+-------------------------------------+-----
Fighting       | 1 2 3 4 5 6 7 9 10 11 | 11.0
Ice Magic      | 5 6 7 8 10 11 | 11.9
Spellcasting   | 3 4 5 6 7 8 |  8.0
Dodging        | 3 4 |  4.0
Long Blades    | 2 4 5 7 9 11 | 11.2
Shields        | 2 3 |  3.3
Stealth        | |  2.1

Action                     |  1- 3 |  4- 6 |  7- 9 | 10-12 || total
---------------------------+-------+-------+-------+-------++-------
  Melee: Unarmed           |     4 |       |       |       ||     4
         Flail             |    51 |       |       |       ||    51
         Punch             |     1 |     1 |     4 |     2 ||     8
         Dagger            |       |    54 |       |       ||    54
         Double sword      |       |    35 |   129 |   203 ||   367
         Tailslap          |       |       |       |     6 ||     6
   Cast: Freeze            |    23 |     3 |     3 |       ||    29
         Ozocubu's Armour  |       |     2 |    21 |    25 ||    48
         Frozen Ramparts   |       |     2 |    28 |    32 ||    62
    Use: Scroll            |       |       |     7 |     5 ||    12
         Potion            |       |       |       |     7 ||     7
   Stab: Sleeping          |     3 |     7 |     1 |     2 ||    13
         Distracted        |       |       |     2 |       ||     2
 Armour: Robe              |    23 |    28 |    31 |    91 ||   173
  Dodge: Dodged            |    63 |    48 |    88 |   178 ||   377
  Block: Kite shield       |       |       |       |    32 ||    32
